 Dungeon Crawl Stone Soup version 0.22-a0-480-g991dd4b (webtiles) character file.

42623 CougarLife the Severer (level 13, -7/116 HPs)
             Began as a Minotaur Fighter on June 14, 2018.
             Was the Champion of Okawaru.
             Mangled by a sixfirhy (10 damage)
             ... on level 6 of the Lair of Beasts.
             The game lasted 00:27:13 (16373 turns).

CougarLife the Severer (Minotaur Fighter)          Turns: 16373, Time: 00:27:14

Health: -7/116     AC: 17    Str: 23    XL:     13   Next: 86%
Magic:  14/19      EV: 17    Int: 10    God:    Okawaru [******]
Gold:   967        SH:  0    Dex: 11    Spells: 12/12 levels left

rFire    . . .     SeeInvis .   N - +3 executioner's axe (flame)
rCold    . . .     Gourm    .   (shield currently unavailable)
rNeg     . . .     Faith    .   I - +0 scale mail {MR+}
rPois    +         Spirit   .   S - +2 hat {Int+3}
rElec    .         Reflect  .   P - +2 cloak
rCorr    .         Harm     .   D - +0 pair of gloves
MR       +....                  (no boots)
Stlth    +.........             V - amulet of regeneration
HPRegen  0.69/turn              J - +2 ring of evasion
MPRegen  0.16/turn              R - ring of poison resistance

@: about to teleport, heroism, slowed, very slow
A: retaliatory headbutt, horns 2
a: Heroism, Finesse, Renounce Religion


You were on level 6 of the Lair of Beasts.
You worshipped Okawaru.
Okawaru was exalted by your worship.
You were not hungry.

You visited 3 branches of the dungeon, and saw 17 of its levels.

You collected 967 gold pieces.

Inventory:

Hand Weapons
 N - a +3 executioner's axe of flaming (weapon)
 O - a +2 war axe of chopping
 Q - the +4 battleaxe "Ficvitia" {vamp, rC- rN+++ Str-5 Int+2}
   (Okawaru gifted it to you on level 2 of the Lair of Beasts)

   It inflicts no extra harm, but heals its wielder when it wounds a living foe.
   It affects your strength (-5).
   It affects your intelligence (+2).
   It makes you vulnerable to cold.
   It renders you almost immune to negative energy.
Armour
 D - a +0 pair of gloves (worn)
 G - a +3 shield
 I - a +0 scale mail of magic resistance (worn)
 P - a +2 cloak (worn)
 S - a +2 hat of intelligence (worn)
 X - a +0 large shield
Jewellery
 k - an uncursed amulet of magic regeneration
 J - a +2 ring of evasion (left hand)
 R - a ring of poison resistance (right hand)
 V - an amulet of regeneration (around neck)
Wands
 b - a wand of acid (16)
 d - a wand of paralysis (16)
 r - a wand of disintegration (16)
 t - a wand of polymorph (6)
 u - a wand of flame (5)
 F - a wand of random effects (20)
 M - a wand of iceblast (16)
Scrolls
 a - 6 scrolls of summoning {unknown}
 c - a scroll of noise {unknown}
 e - 3 scrolls of identify
 j - 4 scrolls of enchant armour
 m - 3 scrolls of blinking {unknown}
 q - 5 scrolls of immolation {unknown}
 w - 4 scrolls of remove curse
 y - 9 scrolls of teleportation
 z - 2 scrolls of random uselessness {unknown}
 C - 4 scrolls of enchant weapon {unknown}
 E - 5 scrolls of fog
 H - a scroll of vulnerability {unknown}
 K - 3 scrolls of fear {unknown}
 L - 2 scrolls of magic mapping {unknown}
 T - a scroll of amnesia {unknown}
 U - a scroll of torment {unknown}
Potions
 g - 2 potions of ambrosia {unknown}
 h - 3 potions of mutation {unknown}
 i - 2 potions of heal wounds
 l - 3 potions of cancellation {unknown}
 n - 5 potions of degeneration {unknown}
 o - 9 potions of curing
 p - 3 potions of flight {unknown}
 s - a potion of brilliance {unknown}
 v - a potion of agility {unknown}
 x - 2 potions of lignification {unknown}
 A - 3 potions of haste {unknown}
 B - a potion of resistance {unknown}
 Y - a potion of invisibility {unknown}
Comestibles
 f - 42 rations
 W - 11 chunks of flesh


   Skills:
 - Level 11.2(16.2) Fighting
 + Level 19.1(24.1) Axes
 - Level 10.5(15.5) Armour
 - Level 5.0(10.0) Dodging
 - Level 7.0(12.0) Shields
 - Level 10.0 Invocations


You had 12 spell levels left.
You didn't know any spells.
Your spell library contained the following spells:

 Spells                   Type           Power        Failure   Level  Hunger
 Magic Dart               Conj           #...         58%         1    ##.....
 Fireball                 Conj/Fire      #.........   100%        5    ######.
 Conjure Flame            Conj/Fire      #.......     91%         3    ####...
 Slow                     Hex            #.......     73%         2    ###....
 Throw Flame              Conj/Fire      #.....       73%         2    ###....
 Throw Frost              Conj/Ice       #.....       73%         2    ###....
 Mephitic Cloud           Conj/Pois/Air  #.......     91%         3    ####...
 Blink                    Tloc           N/A          73%         2    ###....
 Sticky Flame             Conj/Fire      #.......     100%        4    #####..
 Call Imp                 Summ           #.......     73%         2    ###....
 Spider Form              Tmut/Pois      #.........   91%         3    ####...
 Blade Hands              Tmut           #.........   100%        5    ######.
 Ice Form                 Ice/Tmut       #.......     100%        4    #####..
 Flame Tongue             Conj/Fire      #....        58%         1    ##.....
 Sticks to Snakes         Tmut           #.......     73%         2    ###....
 Static Discharge         Conj/Air       #.......     91%         3    ####...
 Conjure Ball Lightning   Conj/Air       #.........   100%        6    #######
 Inner Flame              Hex/Fire       #.......     91%         3    ####...
 Beastly Appendage        Tmut           #.....       58%         1    ##.....


Dungeon Overview and Level Annotations

Branches:
Dungeon (10/15)            Temple (1/1) D:4            Lair (6/6) D:10
 Shoals (0/4) Lair:3        Snake (0/4) Lair:4        Slime (0/5) Lair:6
    Orc (0/2) D:10

Altars:
Ashenzari
Cheibriados
Dithmenos
Elyvilon
Fedhas
Gozag
Hepliaklqana
Kikubaaqudgha
Makhleb
Nemelex Xobeh
Okawaru
Qazlal
Ru
Sif Muna
Trog
Uskayaw
Vehumet
Wu Jian
Xom
Yredelemnul
Zin
The Shining One

Shops:
D:6 !


Innate Abilities, Weirdness & Mutations

You reflexively headbutt those who attack you in melee.
You have a pair of horns on your head.


Message History

The orange demon closely misses you.
You completely miss the sixfirhy. Your headbutt misses the sixfirhy.
The sixfirhy is almost dead.
The sixfirhy hits you! The sixfirhy shocks you! The sixfirhy hits you.
* * * LOW HITPOINT WARNING * * *
The sixfirhy shocks you!
* * * LOW HITPOINT WARNING * * *
The orange demon closely misses you.
As you read the scroll of teleportation, it crumbles to dust.
You feel strangely unstable.
Your hands slow down.
The sixfirhy hits you.
* * * LOW HITPOINT WARNING * * *
The sixfirhy shocks you!
* * * LOW HITPOINT WARNING * * *
The sixfirhy hits you but does no damage.
The sixfirhy hits you.
* * * LOW HITPOINT WARNING * * *
The sixfirhy shocks you!
You die...

♣♣..♣♣♣ ♣♣...♣♣♣♣ ♣♣♣♣..
♣♣..♣♣ ♣♣♣....♣♣♣...♣♣ ♣....♣
♣♣♣.......♣♣ #######''######
♣♣♣.♣♣.♣♣
#.............#########+♣♣♣♣♣
#....8....8...#........
#.............'...8.8..
###############..8.#...
#@..8.# ♣ #3.#.8... ♣.
._.h4h4)..#.8.. ♣.
.§...4#..8.8... ♣♣
§§...h#........ ≈≈≈##
######### ≈≈ #


You could see an orange demon, a hellwing, a sixfirhy and a hell hound.

Vanquished Creatures
  Gastronok (Lair:2)
  6 hydras
  Harold (Lair:2)
  Erica (Lair:2)
  A catoblepas (Lair:2)
  3 two-headed ogres
  8 death yaks
  Nergalle (Lair:1)
  An unseen horror (D:10)
  A wizard (Lair:6)
  The ghost of BrocoLee the Vexing, a novice GnAM of Cheibriados (D:5)
  A manticore (Lair:3)
  6 black mambas
  11 spiny frogs
  8 komodo dragons
  7 rime drakes
  17 hippogriffs
  2 dream sheep (D:10)
  A vampire (D:10)
  18 yaks
  4 wyverns
  13 basilisks
  A hungry ghost (D:8)
  3 nagas (Lair:4)
  10 water moccasins
  13 porcupines
  A hell hound (Lair:6)
  An orc warrior (D:6)
  2 ice beasts
  3 sky beasts
  An eye of draining (D:10)
  An ogre (D:10)
  4 phantoms
  11 wolves
  5 centaurs
  14 crocodiles
  4 big kobolds
  Blork the orc (D:5)
  9 bullfrogs
  A wyvern skeleton (D:7)
  2 scorpions
  7 wights
  3 crimson imps
  A quasit (D:7)
  4 bullfrog skeletons
  5 hounds
  Crazy Yiuf (D:2)
  A bullfrog zombie (D:9)
  An orc priest (D:8)
  2 centaur skeletons (D:5)
  2 orc wizards (D:6)
  Terence (D:2)
  2 iguanas
  A killer bee zombie (D:8)
  9 worker ants
  2 worker ant zombies
  A howler monkey skeleton (D:4)
  12 adders
  A shadow imp (D:3)
  An adder zombie (D:6)
  An adder skeleton (D:7)
  4 worms
  2 dart slugs
  4 leopard geckos
  23 orcs
  4 giant cockroaches
  4 goblins
  4 hobgoblins
  4 jackals (D:8)
  14 kobolds
  2 quokkas
  5 bats
  3 frilled lizards
  2 jackal skeletons
  A quokka zombie (D:5)
  11 rats
  2 fungi (Lair:6)
  2 plants (Lair:4)
349 creatures vanquished.

Notes
Turn   | Place    | Note
-------+----------+-------------------------------------------
     0 | D:1      | CougarLife the Minotaur Fighter began the quest for the Orb.
     0 | D:1      | Reached XP level 1. HP: 19/19 MP: 0/0
   320 | D:1      | Reached XP level 2. HP: 26/26 MP: 1/1
   713 | D:2      | Reached XP level 3. HP: 33/33 MP: 2/2
   803 | D:2      | Reached skill level 3 in Axes
  1141 | D:2      | Noticed Terence
  1148 | D:2      | Killed Terence
  1148 | D:2      | Reached skill level 4 in Axes
  1148 | D:2      | Reached XP level 4. HP: 36/40 MP: 3/3
  1157 | D:2      | Found a runed door.
  1341 | D:2      | Noticed Crazy Yiuf
  1347 | D:2      | Killed Crazy Yiuf
  1601 | D:3      | Reached skill level 5 in Axes
  1639 | D:3      | Found a bloodstained altar of Trog.
  1700 | D:3      | Reached XP level 5. HP: 46/46 MP: 4/4
  1980 | D:3      | Found an iron altar of Okawaru.
  1989 | D:3      | Became a worshipper of Warmaster Okawaru
  2416 | D:4      | Found a shimmering altar of Xom.
  2437 | D:4      | Found a staircase to the Ecumenical Temple.
  2444 | D:4      | Reached skill level 6 in Axes
  2526 | Temple   | Entered the Ecumenical Temple
  2904 | D:4      | Reached skill level 1 in Invocations
  3230 | D:5      | Entered Level 5 of the Dungeon
  3243 | D:5      | Found a shimmering altar of Xom.
  3284 | D:5      | Noticed a centaur
  3291 | D:5      | Killed a centaur
  3291 | D:5      | Reached XP level 6. HP: 33/52 MP: 5/7
  3483 | D:5      | Found a deep blue altar of Sif Muna.
  3507 | D:5      | Found a shattered altar of Ashenzari.
  3604 | D:5      | Reached * piety under Okawaru
  3670 | D:5      | Noticed Blork the orc
  3676 | D:5      | Killed Blork the orc
  3676 | D:5      | Reached skill level 5 in Invocations
  3676 | D:5      | Reached XP level 7. HP: 39/59 MP: 7/9
  3719 | D:5      | Noticed BrocoLee's ghost (novice GnAM)
  3738 | D:5      | Killed BrocoLee's ghost
  3738 | D:5      | Reached ** piety under Okawaru
  3738 | D:5      | Reached skill level 8 in Axes
  4130 | D:6      | Reached skill level 9 in Axes
  4130 | D:6      | Reached XP level 8. HP: 65/66 MP: 10/10
  4289 | D:6      | Found Jamul's Distillery.
  4408 | D:6      | Reached *** piety under Okawaru
  4408 | D:6      | Reached skill level 10 in Axes
  4540 | D:6      | Found a hazy altar of Hepliaklqana.
  4582 | D:6      | Found a white marble altar of Elyvilon.
  4774 | D:6      | Reached skill level 11 in Axes
  5151 | D:7      | Reached skill level 5 in Shields
  5478 | D:7      | Noticed a hippogriff
  5485 | D:7      | Killed a hippogriff
  5485 | D:7      | Reached XP level 9. HP: 41/71 MP: 8/11
  5636 | D:7      | Found an opulent altar of Gozag.
  5893 | D:7      | Reached skill level 1 in Dodging
  6148 | D:7      | Reached **** piety under Okawaru
  6327 | D:8      | Reached skill level 5 in Dodging
  6648 | D:8      | Noticed a two-headed ogre
  6657 | D:8      | Killed a two-headed ogre
  6671 | D:8      | Identified the Compendium of Attacks
  7059 | D:8      | Reached XP level 10. HP: 72/78 MP: 15/15
  7815 | D:9      | Noticed a two-headed ogre
  7829 | D:9      | Killed a two-headed ogre
  7829 | D:9      | Reached ***** piety under Okawaru
  8191 | D:9      | Found an ornate altar of the Wu Jian Council.
  8217 | D:9      | Found a glowing silver altar of Zin.
  8220 | D:9      | Found a sacrificial altar of Ru.
  8223 | D:9      | Found a stormy altar of Qazlal.
  8327 | D:10     | Entered Level 10 of the Dungeon
  8393 | D:10     | Noticed an unseen horror
  8400 | D:10     | Reached skill level 10 in Invocations
  8409 | D:10     | Killed an unseen horror
  8409 | D:10     | Reached skill level 5 in Fighting
  8470 | D:10     | Received a gift from Okawaru
  8614 | D:10     | Noticed a three-headed hydra
  8626 | D:10     | Killed a one-headed hydra
  8940 | D:10     | Found a staircase to the Orcish Mines.
  8998 | D:10     | Noticed a two-headed ogre
  9007 | D:10     | Killed a two-headed ogre
  9007 | D:10     | Reached XP level 11. HP: 97/97 MP: 15/17
  9012 | D:10     | Noticed a death yak
  9015 | D:10     | Found a staircase to the Lair.
  9015 | D:10     | Noticed a death yak
  9016 | D:10     | Noticed a death yak
  9022 | D:10     | Killed a death yak
  9022 | D:10     | Reached skill level 12 in Axes
  9032 | D:10     | Killed a death yak
  9037 | D:10     | Killed a death yak
  9037 | D:10     | Received a gift from Okawaru
  9294 | D:10     | Reached skill level 13 in Axes
  9732 | Lair:1   | Entered Level 1 of the Lair of Beasts
  9732 | Lair:1   | Noticed Nergalle
  9742 | Lair:1   | Killed Nergalle
  9828 | Lair:1   | Reached ****** piety under Okawaru
 10146 | Lair:1   | Reached skill level 14 in Axes
 10174 | Lair:1   | Received a gift from Okawaru
 10438 | Lair:1   | Reached skill level 15 in Axes
 10935 | Lair:2   | Noticed a catoblepas
 10939 | Lair:2   | Reached XP level 12. HP: 92/104 MP: 18/18
 10957 | Lair:2   | Killed a catoblepas
 10957 | Lair:2   | Reached skill level 5 in Armour
 11865 | Lair:2   | Noticed Harold
 11877 | Lair:2   | Killed Harold
 11950 | Lair:2   | Noticed Gastronok
 11954 | Lair:2   | Noticed Erica
 11960 | Lair:2   | Killed Erica
 11982 | Lair:2   | Killed Gastronok
 11982 | Lair:2   | Received a gift from Okawaru
 11982 | Lair:2   | Reached skill level 10 in Armour
 11985 | Lair:2   | Got a transparent battleaxe {god gift}
 11986 | Lair:2   | Identified the +4 battleaxe "Ficvitia" {vamp, rC- rN+++ Str-5 Int+2} (Okawaru gifted it to you on level 2 of the Lair of Beasts)
 12785 | Lair:3   | Found a staircase to the Shoals.
 13620 | Lair:4   | Noticed a five-headed hydra
 13623 | Lair:4   | Reached skill level 10 in Fighting
 13632 | Lair:4   | Killed a three-headed hydra
 13693 | Lair:4   | Reached skill level 16 in Axes
 13701 | Lair:4   | Reached XP level 13. HP: 36/116 MP: 17/19
 14701 | Lair:4   | Found the +8 whip "Snakebite" {curare, rPois}
 14800 | Lair:4   | Found a staircase to the Snake Pit.
 15156 | Lair:5   | Received a gift from Okawaru
 15308 | Lair:5   | Reached skill level 17 in Axes
 15918 | Lair:6   | Entered Level 6 of the Lair of Beasts
 15967 | Lair:6   | Found a staircase to the Slime Pits.
 15988 | Lair:6   | Reached skill level 18 in Axes
 16293 | Lair:6   | Reached skill level 19 in Axes
 16355 | Lair:6   | Found a burning altar of Makhleb.
 16373 | Lair:6   | HP: 3/116 [sixfirhy (4)]
 16373 | Lair:6   | Mangled by a sixfirhy

Vault maps used:
D:1:      dpeg_arrival_round_b
D:2:      uniq_crazy_yiuf_cottage, uniq_terence
D:3:      bloody_trog, okawaru_ov_weapons_minmay
D:4:      xom_butterflies, minmay_temple_entry_hall, first_ration
D:5:      cheibrodos_ashenzari_chains, led_sif_pool, basic_altar,
          uniq_blork_the_orc
D:6:      lemuel_doored_altar, lemuel_round_altar, serial_shops,
          nicolae_shop_behind_doors
D:7:      nicolae_gozag_cash_rules_everything_around_me
D:9:      kennysheep_mini, grunt_temple_overflow_diamond
D:10:     dpeg_lair_monsters, orc_0_dummy, hangedman_ranch
Temple:   jpeg_temple_alley_garden
Lair:1:   grunt_megastairs_5, serial_bayou_shore_b, lemuel_fruit_fields,
          uniq_nergalle
Lair:2:   grunt_megastairs_2, lemuel_fruit_tree, uniq_erica, uniq_harold,
          uniq_gastronok
Lair:3:   minmay_shoals_entry_beasts, infiniplex_staircase_pool
Lair:4:   minmay_guarded_unrand_snakebite, minmay_snake_entry_guardpost_small,
          special_room
Lair:5:   beast_lair_carwin_2
Lair:6:   evil_forest, slime_dummy

Skill      XL: |  1  2  3  4  5  6  7  8  9 10 11 12 13 |
---------------+----------------------------------------+-----
Shields        | 4 6 7 |  7.0
Armour         | 4 10 | 10.5
Fighting       | 4 9 11 | 11.2
Axes           | 4 5 6 9 11 15 16 19 | 19.1
Invocations    | 2 5 8 10 | 10.0
Dodging        | 5 |  5.0

Action                   |  1- 3 |  4- 6 |  7- 9 | 10-12 | 13-15 || total
-------------------------+-------+-------+-------+-------+-------++-------
Melee: War axe           |    76 |   128 |   314 |   157 |       ||   675
       Headbutt          |    11 |    23 |    51 |    73 |    43 ||   201
       Executioner's axe |       |       |       |   211 |   216 ||   427
Invok: Heroism           |       |     1 |     5 |    15 |     5 ||    26
       Finesse           |       |       |       |     1 |     1 ||     2
  Use: Scroll            |       |     3 |     7 |     4 |     4 ||    18
       Potion            |       |       |       |     5 |     2 ||     7
  Eat: Chunk             |     1 |     5 |    12 |    14 |     3 ||    35
       Ration            |       |     1 |       |     2 |     2 ||     5
Armor: Scale mail        |    31 |    46 |    76 |    90 |   105 ||   348
Dodge: Dodged            |    28 |    31 |    80 |   203 |   187 ||   529
Block: Shield            |    38 |    49 |   167 |    78 |       ||   332

Table legend:
 A = Spawn XP
 B = Non-spawn XP
 C = Spawn XP percentage of total XP
 D = Spawn monster count
 E = Non-spawn monster count
 F = Spawn count percentage of total count
 G = Total turns spent on level
                    A         B        C        D         E        F      G
               +---------+---------+-------+---------+---------+-------+---------
         Total |       0 |   60891 |   0.0 |       0 |     345 |   0.0 | 16373
               +---------+---------+-------+---------+---------+-------+---------
           D:1 |       0 |      16 |   0.0 |       0 |       9 |   0.0 |   572
           D:2 |       0 |     123 |   0.0 |       0 |      20 |   0.0 |   954
           D:3 |       0 |      92 |   0.0 |       0 |      26 |   0.0 |   612
           D:4 |       0 |      80 |   0.0 |       0 |       4 |   0.0 |   844
           D:5 |       0 |    1108 |   0.0 |       0 |      18 |   0.0 |   897
           D:6 |       0 |     919 |   0.0 |       0 |      21 |   0.0 |   931
           D:7 |       0 |    1384 |   0.0 |       0 |      21 |   0.0 |  1243
           D:8 |       0 |    1917 |   0.0 |       0 |      35 |   0.0 |  1161
           D:9 |       0 |    1630 |   0.0 |       0 |      11 |   0.0 |   865
          D:10 |       0 |    7429 |   0.0 |       0 |      25 |   0.0 |  1405
        Lair:1 |       0 |    6532 |   0.0 |       0 |      31 |   0.0 |  1139
        Lair:2 |       0 |    8024 |   0.0 |       0 |      20 |   0.0 |  1238
        Lair:3 |       0 |    1753 |   0.0 |       0 |       7 |   0.0 |  1288
        Lair:4 |       0 |   10286 |   0.0 |       0 |      42 |   0.0 |  1641
        Lair:5 |       0 |    7677 |   0.0 |       0 |      27 |   0.0 |   880
        Lair:6 |       0 |   11921 |   0.0 |       0 |      28 |   0.0 |   455
               +---------+---------+-------+---------+---------+-------+---------
